 Dungeon Sprint DCSS version 0.14-a0-329-g7c54ee0 (console) character file.

876 Dalvant the Arsonist (level 7, -1/40 HPs)
             Began as a Deep Elf Fire Elementalist on Oct 22, 2013.
             Was a Believer of Vehumet.
             Slain by Snorg (7 damage)
             ... in the Dungeon (Sprint III: "The Ten Rune Challenge").
             The game lasted 00:05:40 (1757 turns).

Dalvant the Arsonist (Deep Elf Fire Elementalist)   Turns: 1757, Time: 00:05:40

HP  -1/40        AC  2     Str  5      XL: 7   Next: 61%
MP   1/24        EV 13     Int 22      God: Vehumet [**....]
Gold 63          SH  0     Dex 15      Spells:  7 memorised,  6 levels left

Res.Fire  : . . .   See Invis. : .   q - +2,+0 dagger (pain)
Res.Cold  : . . .   Warding    : .   a - +0 elf robe
Life Prot.: . . .   Conserve   : .   (no shield)
Res.Poison: .       Res.Corr.  : .   (no helmet)
Res.Elec. : .       Clarity    : .   (no cloak)
Sust.Abil.: . .     Spirit.Shd : .   (no gloves)
Res.Mut.  : .       Prev.Telep.: +   (no boots)
Res.Rott. : .       Flight     : .   (no amulet)
Saprovore : . . .                    (no ring)
                                     (no ring)

@: very slightly contaminated, slightly resistant to hostile enchantments, quite
stealthy
A: no striking features
a: Renounce Religion


You were in the Dungeon.
You worshipped Vehumet.
Vehumet was pleased with you.
You were near starving.

You visited 1 branch You collected 43 gold pieces.

Inventory:

Hand weapons
 e - a +2,+0 elven long sword of holy wrath
 q - a +2,+0 dagger of pain (weapon)
Armour
 a - a +0 elven robe (worn)
Magical devices
 s - a wand of teleportation (0)
Comestibles
 c - 2 bread rations
 n - 2 royal jellies
Scrolls
 i - a scroll of blinking
 k - 2 scrolls of holy word {unknown}
 l - 2 scrolls of identify
 m - 2 scrolls of remove curse {unknown}
 r - a scroll of random uselessness {unknown}
Potions
 d - a potion of curing
 f - a potion of speed
 g - 2 potions of magic
 h - a potion of berserk rage
 o - a potion of might
 p - 3 potions of flight
Books
 b - a book of Flames

   Spells                             Type                      Level
   *Flame Tongue                      Conjuration/Fire             1
   Throw Flame                        Conjuration/Fire             2
   Conjure Flame                      Conjuration/Fire             3
   Inner Flame                        Hexes/Fire                   3
   *Sticky Flame                      Conjuration/Fire             4
   *Fireball                          Conjuration/Fire             5
 j - a book of Party Tricks

   Spells                             Type                      Level
   *Summon Butterflies                Summoning                    1
   *Apportation                       Translocation                1
   *Blink                             Translocation                2
   Alistair's Intoxication            Transmutation/Poison         4
   Tukima's Dance                     Hexes                        5


   Skills:
 - Level 5.6 Fighting
 - Level 3.4 Dodging
 - Level 6.1 Stealth
 + Level 7.7 Spellcasting
 * Level 7.9 Conjurations
 - Level 3.4 Summonings
 - Level 3.5 Translocations
 + Level 11.4 Fire Magic


You had 6 spell levels left.
You knew the following spells:

 Your Spells              Type           Power        Failure   Level  Hunger
a - Flame Tongue          Conj/Fire      #####        1%          1    None
b - Fireball              Conj/Fire      ######....   4%          5    ####...
c - Sticky Flame          Conj/Fire      ######..     1%          4    ###....
A - Magic Dart            Conj           ####         1%          1    None
T - Blink                 Tloc           N/A          3%          2    None
U - Summon Butterflies    Summ           ###.....     1%          1    None
W - Apportation           Tloc           ###.......   1%          1    None


Dungeon Overview and Level Annotations

Branches:
Dungeon (1/1)

Altars:
Cheibriados
Elyvilon
Fedhas
Kikubaaqudgha
Makhleb
Nemelex Xobeh
Okawaru
Sif Muna
Trog
Vehumet
Xom
Yredelemnul
Zin
the Shining One

Annotations:
D Snorg


Message History

Casting: Fireball
Confirm with . or Enter, or press ? or * to list all spells.
Aiming: Sticky Flame
Press: ? - help, Shift-Dir - straight line, f/p - Snorg
Aim: Snorg (moderately wounded)
The sticky flame hits Snorg.
Snorg is heavily wounded.
Snorg is covered in liquid flames!
Snorg burns!
Snorg bites you! Snorg claws you!
* * * LOW HITPOINT WARNING * * *
Snorg claws you.
* * * LOW HITPOINT WARNING * * *
Snorg burns!
Snorg goes berserk!
Casting: Sticky Flame
Confirm with . or Enter, or press ? or * to list all spells.
Aiming: Fireball
Press: ? - help, Shift-Dir - straight line, p - Snorg You miscast Fireball.
You are very lightly contaminated with residual magic.
Strange energies run through your body.
Snorg burns!
Snorg bites you!
You die...

###################
#<.#..'...♣♣♣♣♣♣♣.############
#<.#.!#....♣.♣♣♣♣.#___#__[#__#
##'####......♣♣♣♣.#...#...#._#
#.....#....≈.♣♣♣♣.###'#'###)##
#....%#...≈≈.♣.♣..#..........#
#.....#..≈≈≈≈♣..♣.'.⌠........#
#####'#..≈≈≈≈≈≈♣♣.#...######'#
#.....#.≈≈≈≈≈≈....#.⌠.#..#...#+#####
#.....#.≈≈≈≈≈.....#...#_.#..@#..§§≈+
#.....#.≈≈≈.......#%###_.#..T#.#§§≈#
#'#####...........#..)#_.#...'.#T§.#
#.........).......#___#..'...#.#..§#
####################################


You could see Snorg (berserk).

Vanquished Creatures
  A deep elf priest (D)
  A spatial vortex (D)
  A necrophage (D)
  A demigod (D)
  A water elemental (D)
  A wizard (D)
  A jelly (D)
  A necromancer (D)
  An elf (D)
  A kobold demonologist (D)
  A giant mite (D)
  A phantom (D)
  3 grey rats (D)
  2 humans (D)
17 creatures vanquished.

Vanquished Creatures (others)
  2 draconian scorchers (D)
  A yaktaur (D)
  2 fire drakes (D)
  2 plants (D)
7 creatures vanquished.

Grand Total: 24 creatures vanquished

Notes
Turn   | Place    | Note
--------------------------------------------------------------
     0 | D        | Dalvant, the Deep Elf Fire Elementalist, began the quest for the Orb.
     0 | D        | Reached XP level 1. HP: 10/10 MP: 4/4
     3 | D        | Reached skill level 4 in Fire Magic
    39 | D        | Reached XP level 2. HP: 15/15 MP: 4/6
    64 | D        | Reached skill level 5 in Fire Magic
   111 | D        | Reached skill level 1 in Fighting
   111 | D        | Reached skill level 6 in Fire Magic
   111 | D        | Reached XP level 3. HP: 15/19 MP: 0/9
   332 | D        | Killed a white draconian scorcher
   336 | D        | Killed a fire drake
   470 | D        | Killed a white draconian scorcher
   618 | D        | Noticed a water elemental
   626 | D        | Killed a water elemental
   626 | D        | Reached skill level 7 in Fire Magic
   626 | D        | Reached XP level 4. HP: 3/24 MP: 3/13
   632 | D        | Learned a level 4 spell: Sticky Flame
   791 | D        | Killed a fire drake
   892 | D        | Found a glowing silver altar of Zin.
   893 | D        | Found a white marble altar of Elyvilon.
   893 | D        | Found a glowing golden altar of the Shining One.
   893 | D        | Noticed a deep elf priest
   900 | D        | Killed a deep elf priest
   900 | D        | Reached skill level 5 in Stealth
   900 | D        | Reached skill level 5 in Spellcasting
   900 | D        | Reached skill level 5 in Conjurations
   900 | D        | Reached skill level 10 in Fire Magic
   900 | D        | Reached XP level 5. HP: 6/29 MP: 4/18
   900 | D        | Reached XP level 6. HP: 7/35 MP: 4/20
   910 | D        | Learned a level 5 spell: Fireball
  1160 | D        | Found a radiant altar of Vehumet.
  1160 | D        | Found a deep blue altar of Sif Muna.
  1160 | D        | Found an ancient bone altar of Kikubaaqudgha.
  1160 | D        | Noticed a wizard
  1163 | D        | Killed a wizard
  1180 | D        | Became a worshipper of Vehumet
  1183 | D        | Learned a level 1 spell: Summon Butterflies
  1186 | D        | Learned a level 2 spell: Blink
  1188 | D        | Learned a level 1 spell: Apportation
  1251 | D        | Found an iron altar of Okawaru.
  1251 | D        | Found a bloodstained altar of Trog.
  1251 | D        | Noticed a human
  1254 | D        | Killed a human
  1360 | D        | Found a snail-covered altar of Cheibriados.
  1360 | D        | Found a blossoming altar of Fedhas.
  1360 | D        | Found a basalt altar of Yredelemnul.
  1360 | D        | Noticed a necrophage
  1360 | D        | Noticed a necromancer
  1361 | D        | Killed a necromancer
  1361 | D        | Acquired Vehumet's first power
  1361 | D        | Offered knowledge of Shock by Vehumet.
  1361 | D        | Reached skill level 5 in Fighting
  1361 | D        | Reached skill level 1 in Summonings
  1361 | D        | Reached skill level 1 in Translocations
  1366 | D        | Killed a necrophage
  1366 | D        | Reached skill level 11 in Fire Magic
  1366 | D        | Reached XP level 7. HP: 40/40 MP: 12/23
  1524 | D        | Noticed a jelly
  1525 | D        | Killed a jelly
  1526 | D        | Noticed a demigod
  1530 | D        | Killed a demigod
  1530 | D        | Offered knowledge of Magic Dart by Vehumet.
  1549 | D        | Learned a level 1 spell: Magic Dart
  1566 | D        | Killed a yaktaur
  1631 | D        | Found a shimmering altar of Xom.
  1631 | D        | Found a burning altar of Makhleb.
  1631 | D        | Noticed a spatial vortex
  1632 | D        | Found a sparkling altar of Nemelex Xobeh.
  1652 | D        | Killed a spatial vortex
  1724 | D        | Noticed Snorg
  1757 | D        | Slain by Snorg

Action                   |  1- 3 |  4- 6 |  7- 9 || total
-------------------------+-------+-------+-------++-------
 Cast: Flame Tongue      |    20 |     6 |     1 ||    27
       Sticky Flame      |       |     5 |     2 ||     7
       Fireball          |       |     2 |     8 ||    10
       Magic Dart        |       |       |    10 ||    10
  Use: Potion            |     4 |       |       ||     4
